IL
ALBUQUERQUE ISOTOPES @ LAS VEGAS 51S
07/18/2049
 
TOP OF THE 1ST
Albuquerque Isotopes batting - Pitching for Las Vegas 51s : RHP Tony Castellanos
Pitching: RHP Tony Castellanos
Batting: SHB Jamel Wright 0-0: Ball
1-0: Ball
2-0: Called Strike
2-1: SINGLE (Line Drive, 8RS, EV 100.6 MPH)
Batting: RHB Sadataka Kuwahara 0-0: Called Strike
0-1: Ball
1-1: DOUBLE (Line Drive, 78D, EV 105.6 MPH)
Jamel Wright to third
Batting: RHB Chris King 0-0: SINGLE (Groundball, 34D, EV 96.9 MPH)
Jamel Wright scores
Sadataka Kuwahara to third
Runner from 3rd tries for Home, throw by RF and OUT! 9-2
Chris King to second
Batting: SHB D.J. Codd 0-0: Ball
1-0: Ground out U3 (Groundball, 3, EV 82.5 MPH)
Chris King to third
Batting: LHB Gabe Harvey 0-0: Called Strike
0-1: Fly out, F9 (Flyball, 9S, EV 88.8 MPH)
Top of the 1st over - 1 run, 3 hits, 0 errors, 1 left on base; Albuquerque 1 - Las Vegas 0
BOTTOM OF THE 1ST
Las Vegas 51s batting - Pitching for Albuquerque Isotopes : RHP Austin Akers
Pitching: RHP Austin Akers
Batting: RHB Billy Walker 0-0: Ball
1-0: Ball
2-0: Ball
3-0: Base on Balls
Batting: RHB Chris Torlak 0-0: Called Strike
0-1: Foul Ball, location: 2F
0-2: Ball
1-2: Strikes out looking
Batting: SHB Justin Wallace 0-0: Ball
Billy Walker steals 2nd base
1-0: Swinging Strike
1-1: Ground out 4-3 (Groundball, 4, EV 84.4 MPH)
Billy Walker to third
Batting: RHB Andy Carrell 0-0: Ball
1-0: Ball
2-0: Ball
3-0: Base on Balls
Batting: SHB Nelson Powell 0-0: Ball
1-0: Foul Ball, location: 2F
1-1: Called Strike
1-2: Ball
2-2: Fielders Choice at 2nd, 6-4 (Groundball, 6, EV 83.8 MPH)
Bottom of the 1st over - 0 runs, 0 hits, 0 errors, 2 left on base; Albuquerque 1 - Las Vegas 0
TOP OF THE 2ND
Albuquerque Isotopes batting - Pitching for Las Vegas 51s : RHP Tony Castellanos
Batting: RHB Hector Silva 0-0: Called Strike
0-1: Ball
1-1: Ball
2-1: Ground out 5-3 (Groundball, 5S, EV 88.8 MPH)
Batting: RHB Herb McIntyre 0-0: Ball
1-0: Ball
2-0: Swinging Strike
2-1: Ball
3-1: SOLO HOME RUN (Flyball, 9LD, EV 88.8 MPH), Distance : 330 ft
Batting: RHB Vinny Estrada 0-0: Called Strike
0-1: Foul Ball, location: 2F
0-2: Ball
1-2: Ball
2-2: SINGLE (Line Drive, 4MD, EV 104.4 MPH)
Batting: RHB Jerry Sanchez 0-0: Ball
1-0: Called Strike
1-1: Swinging Strike
1-2: Ball
2-2: Foul Ball, location: 2F
2-2: Ball
3-2: SINGLE (Groundball, 4MS, EV 73.8 MPH) (infield hit)
Vinny Estrada to second
Pitching: RHP Brian Wood
Batting: SHB Jamel Wright 0-0: Swinging Strike
0-1: Fielders Choice at 2nd, 3-6 (Groundball, 34S, EV 85.0 MPH)
Vinny Estrada to third
Batting: RHB Sadataka Kuwahara 0-0: Called Strike
Jamel Wright is caught stealing 2nd base 2-4
Top of the 2nd over - 1 run, 3 hits, 0 errors, 1 left on base; Albuquerque 2 - Las Vegas 0
BOTTOM OF THE 2ND
Las Vegas 51s batting - Pitching for Albuquerque Isotopes : RHP Austin Akers
Batting: RHB Devine Adams 0-0: Ball
1-0: Foul Ball, location: 2F
1-1: Fly out, F3 (Popup, 3SF, EV 76.9 MPH)
Batting: RHB Mike Phillips 0-0: Ball
1-0: Ground out U3 (Groundball, 34, EV 88.1 MPH)
Batting: RHB Fathi Addae 0-0: Ball
1-0: Ground out 5-3 (Groundball, 5, EV 88.1 MPH)
Bottom of the 2nd over - 0 runs, 0 hits, 0 errors, 0 left on base; Albuquerque 2 - Las Vegas 0
TOP OF THE 3RD
Albuquerque Isotopes batting - Pitching for Las Vegas 51s : RHP Brian Wood
Batting: RHB Sadataka Kuwahara 0-0: Ball
1-0: Fly out, F9 (Flyball, 89D, EV 83.8 MPH)
Batting: RHB Chris King 0-0: Swinging Strike
0-1: Ground out 4-3 (Groundball, 4M, EV 108.8 MPH)
Batting: SHB D.J. Codd 0-0: Foul Ball, location: 2F
0-1: Called Strike
0-2: Ball
1-2: Strikes out swinging
Top of the 3rd over - 0 runs, 0 hits, 0 errors, 0 left on base; Albuquerque 2 - Las Vegas 0
BOTTOM OF THE 3RD
Las Vegas 51s batting - Pitching for Albuquerque Isotopes : RHP Austin Akers
Batting: RHB Koen van Oort 0-0: Ball
1-0: DOUBLE (Line Drive, 9LM, EV 88.1 MPH)
Batting: RHB Billy Walker 0-0: Ball
1-0: Swinging Strike
1-1: Foul Ball, location: 2F
1-2: DOUBLE (Flyball, 78D, EV 95.6 MPH)
Koen van Oort scores
Batting: RHB Chris Torlak 0-0: Ball
1-0: Fly out, F8 (Line Drive, 8RM, EV 103.8 MPH)
Batting: SHB Justin Wallace 0-0: Called Strike
0-1: SINGLE (Groundball, 6MD, EV 96.2 MPH)
Billy Walker to third
Runner from 3rd tries for Home, throw by CF and OUT! 8-2
Batting: RHB Andy Carrell 0-0: Ball
1-0: Fly out, F7 (Flyball, 7S, EV 88.8 MPH)
Bottom of the 3rd over - 1 run, 3 hits, 0 errors, 1 left on base; Albuquerque 2 - Las Vegas 1
TOP OF THE 4TH
Albuquerque Isotopes batting - Pitching for Las Vegas 51s : RHP Brian Wood
Batting: LHB Gabe Harvey 0-0: Ground out 5-3 (Groundball, 5, EV 101.2 MPH)
Batting: RHB Hector Silva 0-0: Called Strike
0-1: Fly out, F8 (Flyball, 8RD, EV 86.9 MPH)
Batting: RHB Herb McIntyre 0-0: Ball
1-0: Ball
2-0: Ball
3-0: Foul Ball, location: 2F
3-1: Called Strike
3-2: Foul Ball, location: 2F
3-2: Foul Ball, location: 2F
3-2: Base on Balls
Batting: RHB Vinny Estrada 0-0: Called Strike
0-1: Called Strike
0-2: Foul Ball, location: 2F
0-2: Ball
1-2: Ball
2-2: Ball
3-2: Strikes out swinging
Top of the 4th over - 0 runs, 0 hits, 0 errors, 1 left on base; Albuquerque 2 - Las Vegas 1
BOTTOM OF THE 4TH
Las Vegas 51s batting - Pitching for Albuquerque Isotopes : RHP Austin Akers
Batting: SHB Nelson Powell 0-0: Ball
1-0: Foul Ball, location: 2F
1-1: Foul Ball, location: 2F
1-2: Ball
2-2: Strikes out looking
Batting: RHB Devine Adams 0-0: Called Strike
0-1: DOUBLE (Flyball, 78XD, EV 105.6 MPH)
Batting: RHB Mike Phillips 0-0: Called Strike
0-1: Foul Ball, location: 2F
0-2: Foul Ball, location: 2F
0-2: Ball
1-2: Foul Ball, location: 2F
1-2: Foul Ball, location: 2F
1-2: Ground out 4-3 (Groundball, 34, EV 90.0 MPH)
Devine Adams to third
Batting: RHB Fathi Addae 0-0: Called Strike
0-1: Ball
1-1: Ball
2-1: Foul Ball, location: 2F
2-2: Foul Ball, location: 2F
2-2: Ground out 6-3 (Groundball, 6, EV 91.9 MPH)
Bottom of the 4th over - 0 runs, 1 hit, 0 errors, 1 left on base; Albuquerque 2 - Las Vegas 1
TOP OF THE 5TH
Albuquerque Isotopes batting - Pitching for Las Vegas 51s : RHP Brian Wood
Batting: RHB Jerry Sanchez 0-0: Ball
1-0: Ball
2-0: Swinging Strike
2-1: Foul Ball, location: 2F
2-2: Strikes out swinging
Batting: SHB Jamel Wright 0-0: Called Strike
0-1: Ball
1-1: Foul Ball, location: 2F
1-2: Ground out 4-3 (Groundball, 34D, EV 107.5 MPH)
Batting: RHB Sadataka Kuwahara 0-0: Ball
1-0: Ball
2-0: Called Strike
2-1: Foul Ball, location: 2F
2-2: Fly out, F9 (Flyball, 9, EV 93.8 MPH)
Top of the 5th over - 0 runs, 0 hits, 0 errors, 0 left on base; Albuquerque 2 - Las Vegas 1
BOTTOM OF THE 5TH
Las Vegas 51s batting - Pitching for Albuquerque Isotopes : RHP Austin Akers
Batting: RHB Koen van Oort 0-0: Ball
1-0: Foul Ball, location: 2F
1-1: Swinging Strike
1-2: Ball
2-2: Ground out 6-3 (Groundball, 6, EV 98.1 MPH)
Batting: RHB Billy Walker 0-0: Swinging Strike
0-1: Ground out U3 (Groundball, 13, EV 91.2 MPH)
Batting: RHB Chris Torlak 0-0: Ground out U3 (Groundball, 3, EV 83.1 MPH)
Bottom of the 5th over - 0 runs, 0 hits, 0 errors, 0 left on base; Albuquerque 2 - Las Vegas 1
TOP OF THE 6TH
Albuquerque Isotopes batting - Pitching for Las Vegas 51s : RHP Brian Wood
Batting: RHB Chris King 0-0: Ball
1-0: Called Strike
1-1: Foul Ball, location: 2F
1-2: Foul Ball, location: 2F
1-2: Foul Ball, location: 2F
1-2: Fly out, F9 (Flyball, 9D, EV 96.2 MPH)
Batting: SHB D.J. Codd 0-0: Ball
1-0: Called Strike
1-1: Foul Ball, location: 2F
1-2: Ball
2-2: Foul Ball, location: 2F
2-2: Foul Ball, location: 2F
2-2: Ball
3-2: Strikes out swinging
Pitching: RHP Marvin Merino
Batting: LHB Gabe Harvey 0-0: Called Strike
0-1: Foul Ball, location: 2F
0-2: Ball
1-2: Ball
2-2: Ground out 3-1 (Groundball, 13, EV 83.8 MPH)
Top of the 6th over - 0 runs, 0 hits, 0 errors, 0 left on base; Albuquerque 2 - Las Vegas 1
BOTTOM OF THE 6TH
Las Vegas 51s batting - Pitching for Albuquerque Isotopes : RHP Austin Akers
Batting: SHB Justin Wallace 0-0: Foul Ball, location: 2F
0-1: Ball
1-1: Called Strike
1-2: Ball
2-2: Strikes out swinging
Batting: RHB Andy Carrell 0-0: Ball
1-0: Swinging Strike
1-1: Ball
2-1: Called Strike
2-2: Fly out, F9 (Flyball, 89S, EV 75.6 MPH)
Batting: SHB Nelson Powell 0-0: Ball
1-0: Foul Ball, location: 2F
1-1: Ball
2-1: Ball
3-1: Ground out 4-3 (Groundball, 4, EV 88.1 MPH)
Bottom of the 6th over - 0 runs, 0 hits, 0 errors, 0 left on base; Albuquerque 2 - Las Vegas 1
TOP OF THE 7TH
Albuquerque Isotopes batting - Pitching for Las Vegas 51s : RHP Marvin Merino
Batting: RHB Hector Silva 0-0: Fly out, F7 (Flyball, 7S, EV 75.6 MPH)
Batting: RHB Herb McIntyre 0-0: Called Strike
0-1: Called Strike
0-2: Ball
1-2: Foul Ball, location: 2F
1-2: Ground out 6-3 (Groundball, 6S, EV 85.0 MPH)
Batting: RHB Vinny Estrada 0-0: Called Strike
0-1: Swinging Strike
0-2: Ball
1-2: Ground out 5-3 (Groundball, 5S, EV 86.2 MPH)
Top of the 7th over - 0 runs, 0 hits, 0 errors, 0 left on base; Albuquerque 2 - Las Vegas 1
BOTTOM OF THE 7TH
Las Vegas 51s batting - Pitching for Albuquerque Isotopes : RHP Austin Akers
Batting: RHB Devine Adams 0-0: Called Strike
0-1: Called Strike
0-2: Ball
1-2: Ball
2-2: Foul Ball, location: 2F
2-2: Ground out 5-3 (Groundball, 56, EV 81.2 MPH)
Batting: RHB Mike Phillips 0-0: Foul Ball, location: 2F
0-1: Ball
1-1: Called Strike
1-2: Ball
2-2: Strikes out swinging
Pinch Hitting: SHB Masatoshi Akahoshi 0-0: Called Strike
0-1: Ball
1-1: Ball
2-1: Foul Ball, location: 2F
2-2: Strikes out swinging
Bottom of the 7th over - 0 runs, 0 hits, 0 errors, 0 left on base; Albuquerque 2 - Las Vegas 1
TOP OF THE 8TH
Albuquerque Isotopes batting - Pitching for Las Vegas 51s : RHP Marvin Merino
Pitching: RHP Jason Vulich
Now at 2B: Koen van Oort
Now at SS: Masatoshi Akahoshi
Batting: RHB Jerry Sanchez 0-0: Ball
1-0: Ball
2-0: Called Strike
2-1: Fly out, F9 (Flyball, 9, EV 82.5 MPH)
Batting: SHB Jamel Wright 0-0: Foul Ball, location: 2F
0-1: Ball
1-1: Foul Ball, location: 2F
1-2: Strikes out swinging
Batting: RHB Sadataka Kuwahara 0-0: Called Strike
0-1: Ball
1-1: SINGLE (Line Drive, 8RS, EV 88.1 MPH)
Batting: RHB Chris King 0-0: Swinging Strike
0-1: Ball
1-1: Ball
2-1: Ball
3-1: Base on Balls
Sadataka Kuwahara to second
Batting: SHB D.J. Codd 0-0: Swinging Strike
0-1: Foul Ball, location: 2F
0-2: Strikes out looking
Top of the 8th over - 0 runs, 1 hit, 0 errors, 2 left on base; Albuquerque 2 - Las Vegas 1
BOTTOM OF THE 8TH
Las Vegas 51s batting - Pitching for Albuquerque Isotopes : RHP Austin Akers
Pitching: RHP Jeff Swomley
Pinch Hitting: LHB Bill Armijo 0-0: Ball
1-0: Foul Ball, location: 2F
1-1: Ball
2-1: Ball
3-1: Called Strike
3-2: Base on Balls
Batting: RHB Billy Walker 0-0: Sac Bunt to 13 - play at first, batter OUT! 1-3
Bill Armijo to second
Batting: RHB Chris Torlak 0-0: Called Strike
0-1: Fly out, F9 (Line Drive, 9D, EV 95.0 MPH)
Runner from 2nd tags up, SAFE at 3rd, no throw by RF
Batting: SHB Justin Wallace 0-0: Called Strike
0-1: Ball
1-1: Swinging Strike
1-2: Fly out, F7 (Flyball, 78D, EV 87.5 MPH)
Bottom of the 8th over - 0 runs, 0 hits, 0 errors, 1 left on base; Albuquerque 2 - Las Vegas 1
TOP OF THE 9TH
Albuquerque Isotopes batting - Pitching for Las Vegas 51s : RHP Jason Vulich
Pitching: RHP Ryan Wilson
Now at 2B: Omar Novoa
Batting: LHB Gabe Harvey 0-0: Foul Ball, location: 2F
0-1: Ball
1-1: Ball
2-1: Called Strike
2-2: Ball
3-2: Foul Ball, location: 2F
3-2: Base on Balls
Batting: RHB Hector Silva 0-0: Bunted foul
0-1: Ball
1-1: Bunted foul
1-2: Strikes out swinging
Batting: RHB Herb McIntyre 0-0: Ball
1-0: Called Strike
1-1: Called Strike
1-2: Foul Ball, location: 2F
1-2: Strikes out swinging
Batting: RHB Vinny Estrada 0-0: Swinging Strike
0-1: Ball
1-1: Ball
2-1: Foul Ball, location: 2F
2-2: Foul Ball, location: 2F
2-2: SINGLE (Groundball, 4M, EV 89.4 MPH) (infield hit)
Gabe Harvey to second
Batting: RHB Jerry Sanchez 0-0: Ball
1-0: SINGLE (Line Drive, 8RS, EV 96.9 MPH)
Gabe Harvey to third
Vinny Estrada to second
Runner from 3rd tries for Home, SAFE, throw by CF to home
Batting: SHB Jamel Wright 0-0: SINGLE (Line Drive, 8LS, EV 92.5 MPH)
Vinny Estrada to third
Jerry Sanchez to second
Runner from 3rd tries for Home, SAFE, throw by CF to home
Now in CF: Elias Urbina
Batting: RHB Sadataka Kuwahara 0-0: Ball
1-0: Fly out, F9 (Flyball, 89S, EV 81.2 MPH)
Top of the 9th over - 2 runs, 3 hits, 0 errors, 2 left on base; Albuquerque 4 - Las Vegas 1
BOTTOM OF THE 9TH
Las Vegas 51s batting - Pitching for Albuquerque Isotopes : RHP Jeff Swomley
Pitching: RHP Ernie Schmutz
Batting: RHB Andy Carrell 0-0: Ball
1-0: Ball
2-0: Foul Ball, location: 2F
2-1: Called Strike
2-2: Ball
3-2: Strikes out looking
Batting: SHB Nelson Powell 0-0: Foul Ball, location: 2F
0-1: Ball
1-1: Foul Ball, location: 2F
1-2: Foul Ball, location: 2F
1-2: Ball
2-2: Ball
3-2: SOLO HOME RUN (Flyball, 89XD, EV 107.5 MPH), Distance : 400 ft
Batting: RHB Elias Urbina 0-0: Ball
1-0: Swinging Strike
1-1: Ball
2-1: Foul Ball, location: 2F
2-2: Ball
3-2: Strikes out swinging
Batting: RHB Mike Phillips 0-0: Ball
1-0: Called Strike
1-1: Foul Ball, location: 2F
1-2: Strikes out swinging
Bottom of the 9th over - 1 run, 1 hit, 0 errors, 0 left on base; Albuquerque 4 - Las Vegas 2
Sunday, July 16th , 2023 - OOTP Baseball 24.6 Build 69